Amaryllis, chaotic female human Rogue ------ ----- |....| |...| |.`..----.*.| |.`.d..@.`..| |..--->---*.| |---------.--- |..^^^<|.....| |..----|*....| --^| |.*...| |^-----.*...| |..^^^^*.*..| |..---------- ---- Amaryllis the Cutpurse Experience level: 4 Strength: 15 Dexterity: 18 Constitution: 13 Intelligence: 10 Wisdom: 9 Charisma: 11 Health: 28(28) Energy: 17(17) Def: 5 Gold: 711 Moves: 2404 Dungeon seed: tOTEAvQsA_0xk0ym Game ID: Amaryllis_1521218709 Your Inventory: Coins $ - 711 gold pieces Amulets k - a cursed amulet of change named Probably cursed or some shit Weapons a - an uncursed +1 short sword (weapon in hand) b - 11 uncursed +0 daggers (in quiver) h - an uncursed poisoned +0 dart l - an uncursed +0 sling v - 8 uncursed +0 crossbow bolts D - a blessed +0 boomerang G - an uncursed +0 scimitar Armor y - an uncursed +0 elven mithril-coat (being worn) Comestibles m - 2 uncursed food rations u - an uncursed fortune cookie J - a cursed tin of male iguana meat L - an uncursed tin of male bat meat M - 2 uncursed apples Scrolls i - an uncursed scroll of teleportation s - an uncursed scroll of destroy armor A - a cursed scroll of remove curse B - an uncursed scroll of create monster K - an uncursed scroll of identify Potions c - an uncursed potion of sickness t - an uncursed potion of invisibility z - 2 uncursed potions of water Wands j - a blessed wand of light (0:9) o - an uncursed wand of polymorph (0:2) x - an uncursed wand of cancellation (0:3) Tools d - an uncursed lock pick f - an uncursed oil lamp (0:1329) g - an uncursed sack q - an uncursed towel C - a cursed oil lamp (0:1087) E - an uncursed credit card H - 2 cursed wax candles (0:400) Gems e - an uncursed worthless piece of green glass n - an uncursed worthless piece of violet glass r - an uncursed jade stone N - an uncursed worthless piece of yellowish brown glass Spells and supernatural/magical abilities: Name Level Category Cost Memory W - pray for help -- divine ? -- Your skills at the end: Fighting Skills wands [Basic] Weapon Skills dagger [Basic] short sword [Basic] Spellcasting Skills Final Attributes: You were stealthy. You survived. Vanquished creatures: an orc shaman a rock mole a gnome lord a kobold lord a rabid rat an iguana 3 acid blobs a hobbit a large kobold a hobgoblin a giant rat a brown mold 5 yellow molds a red mold 4 garter snakes 6 geckos 3 jackals a kobold 5 goblins 2 sewer rats 8 grid bugs 2 bats 2 lichens 53 creatures vanquished. Voluntary challenges: You were an atheist. You used a wielded weapon 43 times, starting on turn 2. You read items or engraved 5 times, starting on turn 925. You never genocided any monsters. You never polymorphed an object. You never changed form. You used no wishes. You never split a pudding. You wrote Elbereth's name 2 times, starting on turn 925. You never violated your personal moral code. Dungeon overview: The Dungeons of Doom: levels 1 to 7 Level 1 a fountain a long staircase Level 2 a vault a long staircase Level 3 Level 4 some fountains Level 5 a fountain Level 6 many fountains Level 7 a general store stairs to Sokoban Sokoban: Level 6 <- You were here Unsolved stairs to The Dungeons of Doom History has recorded: On T:1 you entered the Dungeons of Doom to retrieve the Amulet of Yendor! On T:220 you reached level 2 of The Dungeons of Doom. On T:477 you reached level 3 of The Dungeons of Doom. On T:675 you reached level 4 of The Dungeons of Doom. On T:871 you advanced to experience level 2. On T:903 you reached level 5 of The Dungeons of Doom. On T:1095 you reached level 6 of The Dungeons of Doom. On T:1434 you advanced to experience level 3. On T:1942 you advanced to experience level 4. On T:2177 you reached level 7 of The Dungeons of Doom. On T:2390 you reached level 4 of Sokoban. Score breakdown: Gold: 711 ( 9703 points) Experience: 4 levels ( 9649 points) Exploration: 7 levels ( 14.00%) (10497 points) Discoveries: 4 items ( 1.32%) ( 3452 points) Valuables value: (no points given unless you survive) Artifact value: 0 ( 0 points) Variety of kills: 23 monsters ( 6.05%) ( 7380 points) Turncount: 2404 turns ( -272 points) Survival: quit (score multiplied by 90%) Total score: 36368 Latest messages: Hello Amaryllis, the human Rogue, welcome back to FIQHack! The moon seems less notable tonight... Final status: Goodbye Amaryllis the Rogue, quit... You quit in Sokoban on dungeon level 6 with 36368 points, and 711 pieces of gold, after 2404 moves. You were level 4 with a maximum of 28 hit points when you quit.